[Event "Titled Tuesday Blitz May 2 Early 2023"]
[White "Xu, Yi"]
[Black "Filgueira, Hernan"]
[WhiteFideId "8605564"]
[BlackFideId "101770"]
[WhiteElo "2471"]
[BlackElo "2363"]
[Result "1-0"]
[Round "08"]
[TimeControl "180+2"]
[Date "2023.05.02"]
[WhiteClock "0:00:54"]
[BlackClock "0:00:05"]

1. c4 e5 2. Nc3 Nf6 3. Nf3 Nc6 4. e4 Bb4 5. d3 Bxc3+ 6. bxc3 a6 7. a4 d6 8. g3 h6 9. Bg2 Bg4 10. O-O Qd7 11. Rb1 b6 12. Qc2 Bh3 13. Nh4 Bxg2 14. Nxg2 Qh3 15. f3 Ne7 16. Ne3 Qd7 17. a5 b5 18. Ba3 bxc4 19. Nxc4 Qc6 20. f4 exf4 21. Rxf4 Ng6 22. Rxf6 gxf6 23. Ne3 h5 24. Rf1 h4 25. Nd5 O-O-O 26. Rxf6 Rd7 27. Qf2 hxg3 28. hxg3 Qa4 29. Bc1 Kb7 30. Qe2 Ne5 31. d4 Nc4 32. Nb4 Nxa5 33. Qxa6+ Kb8 34. Rf1 c5 35. Qxa5 Qxa5 36. Nc6+ Kc7 37. Nxa5 cxd4 38. cxd4 Re7 39. e5 Ra8 40. exd6+ Kxd6 41. Ba3+ Kd7 42. Bxe7 Rxa5 43. Bc5 1-0


[Site "https://www.chess.com"]

[Event "Titled Tuesday Blitz May 2 Early 2023"]
[White "Novik, Maxim"]
[Black "Pakleza, Zbigniew"]
[WhiteFideId "4102924"]
[BlackFideId "1119290"]
[WhiteElo "2287"]
[BlackElo "2410"]
[Result "1-0"]
[Round "08"]
[TimeControl "180+2"]
[Date "2023.05.02"]
[WhiteClock "0:00:10"]
[BlackClock "0:00:02"]

1. d4 d6 2. e4 Nf6 3. Nc3 c6 4. f4 Qb6 5. e5 Nd5 6. Nxd5 cxd5 7. c3 Bf5 8. Nf3 e6 9. Bd3 g6 10. O-O Nc6 11. Bxf5 gxf5 12. Qe2 Be7 13. Be3 O-O-O 14. b4 Kb8 15. a4 Rc8 16. Rfb1 Qd8 17. a5 Ka8 18. Qf2 a6 19. b5 Nb8 20. exd6 Bxd6 21. Ne5 Qe7 22. bxa6 Nxa6 23. Rb6 Rxc3 24. Rab1 Rb8 25. Qb2 Rxe3 26. Qb5 Rc3 27. Nd7 Nc7 28. Qb2 Qxd7 29. Qxc3 Na6 30. Qd3 Bxf4 31. g3 Bd6 32. Rxa6+ bxa6 33. Qxa6+ Qa7 34. Qc6+ Rb7 35. a6 Qxd4+ 36. Kg2 Qe4+ 37. Kh3 Qg4+ 38. Kg2 Qe4+ 39. Kh3 Qxb1 40. axb7+ Qxb7 41. Qxd6 Ka7 42. Kh4 1-0


[Site "https://www.chess.com"]

[Event "Titled Tuesday Blitz May 2 Early 2023"]
[White "Goncalves, Davi Sulzbacher"]
[Black "Bacallao Alonso, Yusnel"]
[WhiteFideId "2154510"]
[BlackFideId "3507416"]
[WhiteElo "2182"]
[BlackElo "2561"]
[Result "0-1"]
[Round "08"]
[TimeControl "180+2"]
[Date "2023.05.02"]
[WhiteClock "0:00:01"]
[BlackClock "0:00:17"]

1. Nf3 d5 2. d4 e6 3. c4 a6 4. g3 dxc4 5. Bg2 Nc6 6. O-O Rb8 7. b3 cxb3 8. axb3 Nf6 9. Bb2 Be7 10. Qc2 O-O 11. Rd1 Nb4 12. Qc1 b6 13. Ne5 Bb7 14. f3 Qc8 15. Ba3 c5 16. Bxb4 cxb4 17. Nd2 Nd5 18. Ndc4 Nc3 19. Rd2 b5 20. Nb6 Qc7 21. Nbd7 a5 22. Nxf8 Bxf8 23. e3 a4 24. bxa4 bxa4 25. Nd3 Ba6 26. Bf1 Bxd3 27. Rxd3 a3 28. Kg2 Rc8 29. Qc2 g6 30. Rc1 Qb7 31. Qb3 Qd5 32. Rdxc3 Qxb3 33. Rxc8 a2 34. R8c2 Qxc2+ 0-1


[Site "https://www.chess.com"]

[Event "Titled Tuesday Blitz May 2 Early 2023"]
[White "Zhao, Jun"]
[Black "Omelja, Artem"]
[WhiteFideId "8602522"]
[BlackFideId "14119846"]
[WhiteElo "2547"]
[BlackElo "2404"]
[Result "1-0"]
[Round "08"]
[TimeControl "180+2"]
[Date "2023.05.02"]
[WhiteClock "0:01:05"]
[BlackClock "0:00:04"]

1. d4 Nf6 2. Bf4 e6 3. e3 d5 4. Nf3 c5 5. Nbd2 Bd6 6. Bb5+ Nc6 7. Bg3 O-O 8. c3 a6 9. Bxc6 bxc6 10. Qa4 Bb7 11. Bxd6 Qxd6 12. Qa3 Nd7 13. Nb3 a5 14. Nxc5 Nxc5 15. Qxc5 Qxc5 16. dxc5 f6 17. Nd4 Kf7 18. a4 g6 19. b4 e5 20. Nb3 axb4 21. cxb4 Ba6 22. Na5 Rfc8 23. Kd2 Ke6 24. Kc3 Rab8 25. Rhd1 f5 26. f4 h6 27. fxe5 Kxe5 28. Nb3 Bc4 29. Nd4 Rc7 30. Rd2 Ra8 31. g3 Ke4 32. Rf2 Ra6 33. Rf4+ Ke5 34. a5 Ra8 35. g4 fxg4 36. Rxg4 g5 37. h4 Rg8 38. Rag1 Kf6 39. hxg5+ hxg5 40. Rxg5 Rxg5 41. Rxg5 Rh7 42. Rf5+ Kg6 43. Rf3 Rh1 44. Nxc6 Ra1 45. Ne5+ 1-0


[Site "https://www.chess.com"]

[Event "Titled Tuesday Blitz May 2 Early 2023"]
[White "Klimkowski, Jan"]
[Black "Rom, Jasper"]
[WhiteFideId "21856222"]
[BlackFideId "2023733"]
[WhiteElo "2331"]
[BlackElo "2233"]
[Result "0-1"]
[Round "08"]
[TimeControl "180+2"]
[Date "2023.05.02"]
[WhiteClock "0:00:48"]
[BlackClock "0:00:01"]

1. e4 e6 2. e5 d5 3. exd6 cxd6 4. d4 Nf6 5. Nf3 Nc6 6. c3 Be7 7. Bd3 e5 8. Nbd2 Bg4 9. Qb3 Qc7 10. d5 Na5 11. Qa4+ Bd7 12. Bb5 b6 13. c4 Nb7 14. Bxd7+ Qxd7 15. Qc2 Rc8 16. Qd3 Nc5 17. Qe2 a5 18. O-O O-O 19. b3 Qf5 20. Ba3 Qd3 21. Qxd3 Nxd3 22. Ng5 Nc5 23. f4 exf4 24. Nh3 Nh5 25. Bb2 Rfe8 26. Rae1 Nd3 27. Rb1 Nxb2 28. Rxb2 Bf6 29. Rc2 Bd4+ 30. Kh1 Be3 31. Nf3 h6 32. Ne1 g5 33. Nd3 Re4 34. Ndf2 Rd4 35. Ng4 Kg7 36. Re2 Re8 37. g3 f5 38. Nxe3 Rxe3 39. Ref2 fxg3 40. Rxf5 gxh2 41. Kxh2 Rd2+ 42. R5f2 Ree2 43. Rxe2 Rxe2+ 44. Rf2 Rxf2+ 45. Nxf2 Kf6 46. Ng4+ Kg6 47. a3 Nf6 48. Ne3 Ne4 49. b4 axb4 50. axb4 h5 51. Nc2 Kf6 52. Kg2 Ke5 53. Kf3 Nd2+ 54. Ke2 Nxc4 55. Kd3 Kxd5 56. b5 Ne5+ 57. Ke3 h4 58. Ne1 h3 59. Kf2 g4 60. Kg3 Kc4 61. Nc2 Kxb5 62. Nd4+ Kc5 63. Ne6+ Kc4 64. Ng5 b5 65. Ne4 Kd5 66. Nf6+ Kc6 67. Ne4 b4 68. Nd2 Kb5 69. Nb3 Ka4 70. Nd4 b3 71. Ne2 b2 72. Kh2 Kb3 73. Nd4+ Kc3 74. Nb5+ Kb4 75. Nxd6 b1=Q 76. Ne4 Qxe4 77. Kg3 Qf3+ 78. Kh4 Qf6+ 79. Kg3 Qg5 80. Kh2 Qf4+ 81. Kg1 Nf3+ 82. Kf1 Qc1+ 83. Ke2 Qd2+ 84. Kf1 Qg2# 0-1


[Site "https://www.chess.com"]

[Event "Titled Tuesday Blitz May 2 Early 2023"]
[White "Tanenbaum, Zachary"]
[Black "Fernandez Garcia, Gumersindo"]
[WhiteFideId "2060850"]
[BlackFideId "24516740"]
[WhiteElo "2175"]
[BlackElo "2093"]
[Result "1-0"]
[Round "08"]
[TimeControl "180+2"]
[Date "2023.05.02"]
[WhiteClock "0:01:22"]
[BlackClock "0:00:16"]

1. e4 c5 2. Nf3 g6 3. d4 cxd4 4. Qxd4 Nf6 5. e5 Nc6 6. Qa4 Nd5 7. Qb3 Nb6 8. Bf4 Bg7 9. Nc3 O-O 10. O-O-O Qc7 11. Nb5 Qb8 12. Qe3 e6 13. h4 Nd5 14. Rxd5 exd5 15. e6 d4 16. Qd2 Qxf4 17. Qxf4 fxe6 18. Qd6 Bh6+ 19. Kb1 Bf4 20. Qc5 b6 21. Qa3 d5 22. Nbxd4 Nxd4 23. Nxd4 e5 24. Qb3 Bb7 25. Ne6 Rf6 26. Nxf4 Rxf4 27. Ba6 Bc6 28. Bb5 Bb7 29. Bd7 Rxf2 30. Be6+ Kg7 31. Bxd5 Raf8 32. a3 Bc8 33. Re1 Bf5 34. Be4 Rxg2 35. Bxg2 1-0


[Site "https://www.chess.com"]

[Event "Titled Tuesday Blitz May 2 Early 2023"]
[White "Koellner, Ruben Gideon"]
[Black "Paravyan, David"]
[WhiteFideId "12993093"]
[BlackFideId "4194985"]
[WhiteElo "2314"]
[BlackElo "2563"]
[Result "0-1"]
[Round "08"]
[TimeControl "180+2"]
[Date "2023.05.02"]
[WhiteClock "0:00:04"]
[BlackClock "0:00:24"]

1. d4 Nf6 2. Nf3 g6 3. Nbd2 Bg7 4. e4 d6 5. Bc4 O-O 6. O-O Nxe4 7. Nxe4 d5 8. Bd3 dxe4 9. Bxe4 c6 10. c3 Bg4 11. h3 Bxf3 12. Qxf3 Nd7 13. Bg5 Nf6 14. Bxf6 exf6 15. d5 f5 16. Bc2 Qxd5 17. Qxd5 cxd5 18. Rad1 Rad8 19. Rd3 d4 20. Rfd1 Rd6 21. cxd4 Rfd8 22. d5 Bxb2 23. Rb3 Be5 24. Rxb7 Rxd5 25. Rxd5 Rxd5 26. Bb3 Rc5 27. Bxf7+ Kf8 28. g3 Rc1+ 29. Kg2 Rc2 30. Bb3 Rd2 31. Rxa7 Bd4 32. Rxh7 Rxf2+ 33. Kh1 Rf1+ 34. Kg2 Rf2+ 35. Kh1 Be5 36. Bf7 g5 37. Be6 Ke8 38. Rf7 f4 39. gxf4 gxf4 40. Rf5 Bd4 41. Bd5 Rf1+ 42. Kg2 Rf2+ 43. Kh1 Ke7 44. h4 Kd6 45. h5 Rb2 46. Bb3 Be3 47. h6 Rb1+ 48. Kg2 Rg1+ 49. Kh2 Rg6 50. Rh5 f3 51. h7 f2 52. h8=Q Bf4+ 53. Kh3 f1=Q+ 54. Kh4 Qh1# 0-1


[Site "https://www.chess.com"]

[Event "Titled Tuesday Blitz May 2 Early 2023"]
[White "Deac, Bogdan-Daniel"]
[Black "Vaibhav Jayant Raut"]
[WhiteFideId "1226380"]
[BlackFideId "5089034"]
[WhiteElo "2649"]
[BlackElo "2156"]
[Result "1-0"]
[Round "08"]
[TimeControl "180+2"]
[Date "2023.05.02"]
[WhiteClock "0:00:59"]
[BlackClock "0:00:16"]

1. b3 Nf6 2. Bb2 d5 3. e3 g6 4. Bxf6 exf6 5. c4 dxc4 6. bxc4 Bg7 7. Nc3 O-O 8. Nge2 c5 9. Nf4 Nc6 10. Be2 f5 11. Rc1 Be6 12. h4 h5 13. g3 a6 14. O-O Ne5 15. d3 Qd7 16. a4 Rfd8 17. Qb3 Nc6 18. Ncd5 Rab8 19. Qb6 Qd6 20. Rb1 a5 21. Rb5 Bf8 22. Rfb1 Bd7 23. Bf1 Bc8 24. Bg2 Ra8 25. Nc7 Ra6 26. Nxa6 bxa6 27. Bxc6 axb5 28. axb5 a4 29. Qa5 Bh6 30. Nd5 Be6 31. Qxa4 Bxd5 32. Bxd5 Bxe3 33. Kg2 Bd4 34. b6 f4 35. Qc6 Qe5 36. Qxg6+ Kh8 37. Qh6+ Kg8 38. Qxf4 Qxf4 39. gxf4 Bc3 40. b7 Bb4 41. Ra1 Kf8 42. Ra8 1-0


[Site "https://www.chess.com"]

[Event "Titled Tuesday Blitz May 2 Early 2023"]
[White "Demchenko, Anton"]
[Black "Dronavalli, Harika"]
[WhiteFideId "4160258"]
[BlackFideId "5015197"]
[WhiteElo "2545"]
[BlackElo "2432"]
[Result "1-0"]
[Round "08"]
[TimeControl "180+2"]
[Date "2023.05.02"]
[WhiteClock "0:00:30"]
[BlackClock "0:00:34"]

1. e4 e6 2. d4 d5 3. Nc3 Bb4 4. exd5 exd5 5. Bd3 Nc6 6. Nf3 Bg4 7. O-O Nge7 8. h3 Bh5 9. a3 Bxc3 10. bxc3 O-O 11. Bf4 Re8 12. Bxh7+ Kxh7 13. Ng5+ Kg6 14. g4 Qd7 15. gxh5+ Kh6 16. Qd3 Qf5 17. Ne6+ Kh7 18. Nxc7 g6 19. Qxf5 Nxf5 20. Nxa8 Rxa8 21. hxg6+ fxg6 22. Rae1 Rc8 23. Bg5 Kg7 24. Re6 Rc7 25. Rfe1 Na5 26. Bd8 1-0


[Site "https://www.chess.com"]

[Event "Titled Tuesday Blitz May 2 Early 2023"]
[White "Piesik, Piotr"]
[Black "Galchenko, Matvey"]
[WhiteFideId "1136194"]
[BlackFideId "24175480"]
[WhiteElo "2299"]
[BlackElo "2423"]
[Result "0-1"]
[Round "08"]
[TimeControl "180+2"]
[Date "2023.05.02"]
[WhiteClock "0:00:13"]
[BlackClock "0:00:11"]

1. Nf3 c5 2. e4 g6 3. c3 Bg7 4. d4 cxd4 5. cxd4 d5 6. e5 a6 7. h3 Nc6 8. Nc3 f6 9. exf6 Nxf6 10. Bd3 O-O 11. O-O Nh5 12. Be3 Nf4 13. Bc2 Kh8 14. Re1 Qd7 15. Bxf4 Rxf4 16. Ne5 Qd6 17. Qd2 Rf8 18. f4 Bf5 19. Bxf5 Rxf5 20. Ne2 Raf8 21. Rac1 Bh6 22. Nxc6 bxc6 23. Rf1 R5f6 24. Qd3 a5 25. Rc5 a4 26. g3 Qe6 27. Kg2 g5 28. Rf3 gxf4 29. g4 Rb8 30. Rc2 Rb4 31. Nc3 Qd6 32. Re2 Bg7 33. a3 Rc4 34. Re1 Rf8 35. Ne2 e5 36. dxe5 Qxe5 37. Ref1 Qxb2 38. Kh1 Qe5 39. Qd2 Qe4 40. Ng1 Rc2 41. Qd3 Qxd3 42. Rxd3 Rc3 43. Rxc3 Bxc3 44. Ne2 Bb2 45. Nxf4 Kg8 46. Kg2 Bxa3 47. Kf3 Bd6 0-1


[Site "https://www.chess.com"]

[Event "Titled Tuesday Blitz May 2 Early 2023"]
[White "Mikhailovsky, Vladimir"]
[Black "Tasev, Dejan"]
[WhiteFideId "34105414"]
[BlackFideId "936618"]
[WhiteElo "2275"]
[BlackElo "2244"]
[Result "0-1"]
[Round "08"]
[TimeControl "180+2"]
[Date "2023.05.02"]
[WhiteClock "0:00:01"]
[BlackClock "0:00:16"]

1. e4 e6 2. Qe2 d5 3. exd5 Qxd5 4. Nc3 Qd8 5. Nf3 Nf6 6. g3 Be7 7. Bg2 O-O 8. O-O Nc6 9. Rd1 Nd5 10. d4 Bf6 11. Ne4 Be7 12. c4 Nf6 13. Bf4 Nxe4 14. Qxe4 Bf6 15. h4 h6 16. Ne5 Bxe5 17. dxe5 Qe7 18. a3 a5 19. Rd2 Rd8 20. Qe3 Rxd2 21. Qxd2 Bd7 22. Rd1 Be8 23. Qc3 Rd8 24. Rxd8 Qxd8 25. Bf3 Nd4 26. Bd1 c5 27. f3 Bc6 28. Kf1 b6 29. Kf2 a4 30. Be2 Qd7 31. Qd2 Qb7 32. Qd3 b5 33. Qe3 b4 34. Bf1 bxa3 35. bxa3 Bxf3 36. Qd3 Be4 37. Qd2 Bc6 38. Be3 Nf5 39. Bf4 Nd4 40. Be3 Qb6 41. g4 Be4 42. Qc3 Nc6 43. Qd2 Nxe5 44. Be2 Bc6 45. Qd1 Ng6 46. h5 Nf8 47. Qd6 Qb7 48. Bxc5 Nh7 49. Bd4 Be8 50. Qd8 Qd7 51. Qb6 Ng5 52. Be3 Ne4+ 53. Ke1 Nf6 54. c5 Nd5 55. Bf2 Nxb6 56. cxb6 Qc8 57. Bf3 Bc6 58. Be2 Bb7 59. Bb5 Qc3+ 0-1


[Site "https://www.chess.com"]

[Event "Titled Tuesday Blitz May 2 Early 2023"]
[White "Hayrapetyan, Hovik"]
[Black "Jeet, Jain"]
[WhiteFideId "13302639"]
[BlackFideId "5073022"]
[WhiteElo "2348"]
[BlackElo "2067"]
[Result "1-0"]
[Round "08"]
[TimeControl "180+2"]
[Date "2023.05.02"]
[WhiteClock "0:00:03"]
[BlackClock "0:00:09"]

1. e4 c6 2. d4 d5 3. e5 c5 4. Nf3 Nc6 5. dxc5 Bg4 6. Bb5 e6 7. b4 Ne7 8. c3 Ng6 9. Qa4 Rc8 10. Nd4 Nxe5 11. Bf4 a6 12. Bxe5 axb5 13. Qxb5 Qd7 14. Bg3 Be7 15. Nd2 O-O 16. O-O Rfd8 17. N2b3 Nxd4 18. Nxd4 Qxb5 19. Nxb5 Be2 20. Nd6 Bxd6 21. Bxd6 Bxf1 22. Kxf1 Ra8 23. a4 f6 24. a5 Kf7 25. f4 Ke8 26. b5 Kd7 27. a6 bxa6 28. bxa6 Ra7 29. Rb1 Rxa6 30. Rb7+ Kc6 31. Rc7+ Kb5 32. Rxg7 Kc4 33. Rxh7 Ra2 34. Kg1 Rda8 35. h3 Re2 36. Kh2 Kxc3 37. Rg7 d4 38. Rg3+ d3 39. c6 Kc2 40. Bb4 Rc8 41. Rg6 f5 42. Rg7 Rxc6 43. h4 d2 44. Bxd2 Rxd2 45. h5 Rc8 46. h6 Rh8 47. h7 Rd3 48. g3 Rd1 49. Re7 Re1 50. Kh3 Rh1+ 51. Kg2 R1xh7 52. Rxe6 Rf8 53. Rc6+ Kd3 54. Rd6+ Ke4 55. Re6+ Kd5 56. Re5+ Kd6 57. Ra5 Rg7 58. Ra6+ Ke7 59. Ra7+ Kf6 60. Ra6+ Kf7 61. Ra5 Kg6 62. Ra6+ Rf6 63. Ra8 Rd7 64. Rg8+ Kf7 65. Rg5 Rd2+ 66. Kf3 Ra2 67. Rh5 Ke6 68. Rh8 Rf7 69. Re8+ Kf6 70. Rh8 Rb7 71. Rh6+ Kg7 72. Re6 Rb3+ 73. Re3 Rxe3+ 74. Kxe3 1-0


[Site "https://www.chess.com"]

[Event "Titled Tuesday Blitz May 2 Early 2023"]
[White "Gontcharov, Vladislav"]
[Black "Remizov, Yaroslav"]
[WhiteFideId "4123492"]
[BlackFideId "34134015"]
[WhiteElo "2420"]
[BlackElo "2412"]
[Result "0-1"]
[Round "08"]
[TimeControl "180+2"]
[Date "2023.05.02"]
[WhiteClock "0:00:05"]
[BlackClock "0:00:07"]

1. e4 c6 2. d4 d5 3. Nc3 dxe4 4. Nxe4 Nf6 5. Nxf6+ exf6 6. c3 Bd6 7. Bd3 O-O 8. Ne2 Re8 9. Qc2 h5 10. O-O h4 11. h3 Nd7 12. Be3 Nf8 13. Rfe1 Bc7 14. Qd1 Ne6 15. Qd2 Qd6 16. f4 Bd7 17. Rf1 c5 18. d5 c4 19. Bxc4 Nc5 20. Bd3 f5 21. Bf2 Qxd5 22. Bxc5 Qxc5+ 23. Nd4 Rad8 24. Qf2 Bb6 25. Rad1 Ba4 26. Rd2 Qa5 27. Bb1 Bc6 28. Kh2 Be4 29. Qxh4 Bxd4 30. Rxd4 Rxd4 31. cxd4 Bxb1 32. Rxb1 Qxa2 33. Rc1 Qxb2 34. Rc7 Qxd4 35. Rxb7 a5 36. Qg3 a4 37. Rb5 Ra8 38. Rxf5 a3 39. Qf3 Qd8 40. Rd5 Qf8 41. Rd1 a2 42. Ra1 Qb8 43. h4 Ra4 44. Kg3 Qb2 45. Qd1 Ra3+ 46. Kh2 Ra8 47. Qd5 Qa3 48. h5 Qa5 49. Qxa5 Rxa5 50. Kg3 Kh7 51. Kf3 Kh6 52. g4 f5 53. gxf5 Ra4 54. Kg4 Ra3 55. Kh4 Ra5 56. Kg4 Ra4 57. Kh4 Kh7 58. Kg4 Kh6 59. Kg3 Ra6 60. Kg4 Kh7 61. Kg5 Kg8 62. Kg4 Kf7 63. Kg5 Ra3 64. Kh4 Kf6 65. Kg4 Ra4 66. Kf3 Kxf5 67. h6 gxh6 68. Ke3 Ra3+ 69. Kd4 h5 70. Kc4 h4 71. Kb4 Ra8 72. Kb3 h3 73. Kb2 Rb8+ 74. Kc2 h2 0-1


[Site "https://www.chess.com"]

[Event "Titled Tuesday Blitz May 2 Early 2023"]
[White "Gharibyan, Mamikon"]
[Black "Bartel, Michal"]
[WhiteFideId "13308300"]
[BlackFideId "1119257"]
[WhiteElo "2445"]
[BlackElo "2282"]
[Result "1-0"]
[Round "08"]
[TimeControl "180+2"]
[Date "2023.05.02"]
[WhiteClock "0:00:03"]
[BlackClock "0:00:10"]

1. e4 e5 2. Nf3 Nc6 3. Bb5 g6 4. c3 d6 5. d4 Bd7 6. O-O Bg7 7. Bg5 Nge7 8. Re1 h6 9. Be3 O-O 10. Nbd2 Nxd4 11. cxd4 Bxb5 12. dxe5 dxe5 13. Rc1 Bc6 14. Qb3 Nc8 15. Nc4 Bxe4 16. Rcd1 Nd6 17. Nfxe5 b5 18. Nxd6 cxd6 19. Ng4 Qh4 20. Nxh6+ Bxh6 21. Bxh6 Rfe8 22. Bc1 Rac8 23. Qg3 Qxg3 24. hxg3 Bb1 25. Rxe8+ Rxe8 26. Be3 Bxa2 27. Rxd6 a5 28. Ra6 a4 29. Bd4 Bc4 30. f3 Rd8 31. Bf6 Re8 32. g4 Kh7 33. g5 Rc8 34. Ra7 Re8 35. Kf2 Rc8 36. Kg3 Re8 37. Kf4 Kg8 38. Rd7 Kh7 39. Rd1 Kg8 40. Rh1 Kf8 41. Rh8# 1-0


[Site "https://www.chess.com"]

[Event "Titled Tuesday Blitz May 2 Early 2023"]
[White "Pham, Khoi"]
[Black "Kosakowski, Jakub"]
[WhiteFideId "1054988"]
[BlackFideId "1185080"]
[WhiteElo "2355"]
[BlackElo "2488"]
[Result "0-1"]
[Round "08"]
[TimeControl "180+2"]
[Date "2023.05.02"]
[WhiteClock "0:00:06"]
[BlackClock "0:01:23"]

1. d4 d5 2. c4 e5 3. dxe5 d4 4. Nf3 Nc6 5. g3 Nge7 6. Bg2 Ng6 7. O-O Ngxe5 8. Nxe5 Nxe5 9. Nd2 Be7 10. b3 O-O 11. Bb2 c5 12. Nf3 Nc6 13. a3 Be6 14. Ne1 Rc8 15. Nd3 b6 16. Qc2 Re8 17. Rad1 Bf5 18. Qc1 Qd7 19. Nf4 Na5 20. e4 Bg4 21. Rd3 Nc6 22. f3 Be6 23. Nxe6 fxe6 24. f4 e5 25. Qd1 a6 26. Qh5 Qd6 27. Bh3 Rb8 28. Rdf3 b5 29. cxb5 axb5 30. Qg4 Bf6 31. Qd7 Red8 32. Qxd6 Rxd6 33. Rc1 c4 34. bxc4 bxc4 35. Rxc4 Rxb2 36. fxe5 Nxe5 37. Rc8+ Kf7 38. Rf1 d3 0-1


[Site "https://www.chess.com"]

[Event "Titled Tuesday Blitz May 2 Early 2023"]
[White "Albornoz Cabrera, Carlos Daniel"]
[Black "Reprintsev, Alexander"]
[WhiteFideId "3518736"]
[BlackFideId "14100541"]
[WhiteElo "2516"]
[BlackElo "2211"]
[Result "0-1"]
[Round "08"]
[TimeControl "180+2"]
[Date "2023.05.02"]
[WhiteClock "0:01:26"]
[BlackClock "0:00:55"]

1. e4 d5 2. Nc3 d4 3. Nce2 c5 4. Ng3 Qa5 5. a3 Nc6 6. Bc4 h5 7. Nxh5 Ne5 8. Be2 c4 9. Nf4 g5 10. Nd5 e6 11. b4 Qd8 12. Bb2 exd5 13. Bxd4 Bg7 14. c3 Nd3+ 15. Bxd3 Bxd4 16. cxd4 cxd3 17. e5 g4 18. Qb3 Bf5 19. f3 Qb6 20. Qxd5 Rd8 21. Qc5 Rxd4 22. fxg4 Qxc5 23. bxc5 Re4+ 24. Kf2 Bxg4 25. Rb1 Bc8 26. Nf3 Re2+ 27. Kg3 Ne7 28. Rb3 Rg8+ 29. Kf4 Nd5# 0-1


[Site "https://www.chess.com"]

[Event "Titled Tuesday Blitz May 2 Early 2023"]
[White "Loiacono, Antonio"]
[Black "Seo, Jung Min"]
[WhiteFideId "895415"]
[BlackFideId "1734687"]
[WhiteElo "2257"]
[BlackElo "2468"]
[Result "0-1"]
[Round "08"]
[TimeControl "180+2"]
[Date "2023.05.02"]
[WhiteClock "0:00:01"]
[BlackClock "0:00:13"]

1. e4 e5 2. Nf3 Nc6 3. Nc3 Nf6 4. Bb5 Bd6 5. d3 O-O 6. O-O Re8 7. Ne2 a6 8. Bxc6 dxc6 9. h3 Nd7 10. Nd2 Nf8 11. Nc4 Be6 12. Nxd6 cxd6 13. d4 Ng6 14. dxe5 dxe5 15. Nc3 Qe7 16. Qe2 Rad8 17. Be3 Qb4 18. a3 Qxb2 19. Na4 Qb5 20. Qxb5 axb5 21. Nc5 Bc8 22. Rfb1 Nf4 23. a4 b6 24. Nd3 Nxd3 25. cxd3 Rxd3 26. axb5 c5 27. Ra8 f6 28. Rb8 Rd6 29. Ra1 Bd7 30. Rb7 Kh8 31. Ra6 Bxb5 32. Raxb6 Rxb6 33. Rxb6 Bd3 34. Bxc5 Bxe4 35. Bd6 Bf5 36. Rb8 Bc8 37. f4 exf4 38. Bxf4 Kg8 39. Kh2 g5 40. Bg3 Kf7 41. Bc7 Ke6 42. Bg3 Kd7 43. Rb6 f5 44. Rh6 Re7 45. h4 f4 46. Be1 g4 47. Bd2 g3+ 48. Kg1 Re2 49. Rxh7+ Kc6 50. Rh6+ Kd5 51. Ba5 Ra2 52. Bc3 Rc2 0-1


[Site "https://www.chess.com"]

[Event "Titled Tuesday Blitz May 2 Early 2023"]
[White "Tristan, Leonardo"]
[Black "Alinasab, Mobina"]
[WhiteFideId "113816"]
[BlackFideId "12528897"]
[WhiteElo "2461"]
[BlackElo "2149"]
[Result "0-1"]
[Round "08"]
[TimeControl "180+2"]
[Date "2023.05.02"]
[WhiteClock "0:00:04"]
[BlackClock "0:00:02"]

1. d4 Nf6 2. Nf3 e6 3. Bf4 b6 4. e3 Bb7 5. Nbd2 Be7 6. h3 O-O 7. Bd3 c5 8. c3 d6 9. O-O Nbd7 10. Bh2 cxd4 11. exd4 Qc7 12. a4 a6 13. Nc4 Rfe8 14. Ne3 Bf8 15. Nd2 g6 16. Ndc4 Rac8 17. Re1 Qc6 18. Bf1 d5 19. Ne5 Nxe5 20. Bxe5 Nd7 21. Bf4 Bd6 22. Qf3 Bxf4 23. Qxf4 Qc7 24. Qf3 Kg7 25. h4 h5 26. g3 Nf6 27. Ng2 Ne4 28. Nf4 Nd2 29. Qe3 Nxf1 30. Kxf1 Qd6 31. Nd3 Re7 32. Re2 a5 33. Kg2 Ba6 34. Rd2 Bxd3 35. Qxd3 Rc4 36. b3 Rc8 37. Rc2 Rec7 38. Rac1 Qa3 39. Qb5 Qd6 40. Kf3 e5 41. dxe5 Qxe5 42. Qd3 Rc6 43. Kg2 Rc5 44. Qf3 Qf6 45. Qd3 R8c7 46. b4 axb4 47. cxb4 Rxc2 48. Rxc2 Rxc2 49. Qxc2 d4 50. Qd3 Qd6 51. b5 Qd5+ 52. Kf1 Qh1+ 53. Ke2 Qd5 54. Kd2 Qc5 55. Qc2 Qb4+ 56. Kd3 Kf6 57. Qc4 Qa3+ 58. Kxd4 Kf5 59. Qd5+ Kg4 60. Qe4+ Kh3 61. Ke5 Qc5+ 62. Qd5 Qxf2 63. Qd7+ Kh2 64. Kd6 Qc5# 0-1


[Site "https://www.chess.com"]

[Event "Titled Tuesday Blitz May 2 Early 2023"]
[White "Papasimakopoulos, Alexandros"]
[Black "Hnydiuk, Aleksander"]
[WhiteFideId "4244125"]
[BlackFideId "1109057"]
[WhiteElo "2359"]
[BlackElo "2374"]
[Result "0-1"]
[Round "08"]
[TimeControl "180+2"]
[Date "2023.05.02"]
[WhiteClock "0:00:10"]
[BlackClock "0:00:03"]

1. d4 Nf6 2. Kd2 d5 3. Qe1 c5 4. e3 Nc6 5. c3 e5 6. dxe5 Nxe5 7. Kd1 Be7 8. Nf3 Nc6 9. Bd3 O-O 10. Nbd2 a6 11. b3 b5 12. Bb2 Rb8 13. Qe2 Re8 14. h3 Bf8 15. Bc2 a5 16. a3 Qb6 17. g4 Ba6 18. Qe1 Rbd8 19. Kc1 Ne4 20. Nxe4 dxe4 21. Nd2 Ne5 22. Bxe4 Bb7 23. Bc2 Rxd2 24. Qxd2 Bxh1 25. f4 Nc6 26. Kb1 c4 27. Bc1 Be4 28. Bxe4 Rxe4 29. b4 Re8 30. Ra2 Rd8 31. Qg2 Rd3 32. Rc2 Qc7 33. Kb2 axb4 34. axb4 Qd7 35. f5 Ne7 36. e4 Nc6 37. Bf4 Bd6 38. Qh2 Bxf4 39. Qxf4 Qd6 40. Qf2 Ne5 41. Qa7 h6 42. h4 Nxg4 43. e5 Nxe5 44. h5 Kh7 45. Qa8 Rd2 46. Qe4 Rxc2+ 47. Kb1 Qd1# 0-1


[Site "https://www.chess.com"]

[Event "Titled Tuesday Blitz May 2 Early 2023"]
[White "Kozak, Antoni"]
[Black "Saya, Ethan"]
[WhiteFideId "21832030"]
[BlackFideId "26095181"]
[WhiteElo "2470"]
[BlackElo "2189"]
[Result "1-0"]
[Round "08"]
[TimeControl "180+2"]
[Date "2023.05.02"]
[WhiteClock "0:00:03"]
[BlackClock "0:00:03"]

1. c4 Nf6 2. e3 e5 3. g4 Nc6 4. Nc3 Bb4 5. g5 Ng8 6. h4 Bxc3 7. bxc3 Nge7 8. Bg2 d6 9. d4 Bd7 10. Ne2 Na5 11. c5 dxc5 12. dxe5 Bc6 13. Bxc6+ Nexc6 14. Qxd8+ Rxd8 15. f4 Rd3 16. Kf2 Ke7 17. Ng3 Rhd8 18. Ne4 b6 19. h5 Nc4 20. h6 g6 21. Ke2 Ke6 22. Rb1 Kf5 23. Ng3+ Kg4 24. Rg1 Rd2+ 25. Bxd2 Rxd2+ 26. Ke1 Kf3 27. Rd1 Rxa2 28. f5 Nxe3 29. Rd3 Nxe5 30. Rxe3+ Kxe3 31. Nf1+ Kd3 32. Rg3+ Ke4 33. fxg6 fxg6 34. Re3+ Kf4 35. Rh3 Nf3+ 36. Kd1 Nxg5 37. Rh4+ Ke5 38. Ne3 Ne4 39. Nc4+ Kd5 40. Ne3+ Ke5 41. Nc4+ Kf5 42. Ne3+ Kg5 43. Rxe4 Kxh6 44. Re7 c6 45. Rc7 Kg5 46. Rxh7 a5 47. Rc7 a4 48. Rxc6 a3 49. Rxb6 Rb2 50. Ra6 a2 51. Nc2 Kf4 52. Kc1 Rb1+ 53. Kd2 g5 54. Rxa2 g4 55. Ra4+ Kf3 56. Ne1+ Kg3 57. Nd3 Rf1 58. Nxc5 Rf2+ 59. Kd3 Rf3+ 60. Kd2 Rf2+ 61. Kd3 Rf3+ 62. Kc2 Rf2+ 63. Kb3 Kf3 64. Nd3 Re2 65. Rf4+ Ke3 66. Rd4 g3 67. Nf4 Kf3 68. Nxe2 Kxe2 69. Rg4 Kf3 70. Rg8 1-0


[Site "https://www.chess.com"]

[Event "Titled Tuesday Blitz May 2 Early 2023"]
[White "Mrudul Dehankar"]
[Black "Martinez Ramirez, Lennis"]
[WhiteFideId "25096990"]
[BlackFideId "3509079"]
[WhiteElo "2139"]
[BlackElo "2410"]
[Result "1-0"]
[Round "08"]
[TimeControl "180+2"]
[Date "2023.05.02"]
[WhiteClock "0:00:48"]
[BlackClock "0:01:25"]

1. e4 c5 2. Nf3 Nc6 3. d4 cxd4 4. Nxd4 Nf6 5. Nc3 e5 6. Ndb5 d6 7. Bg5 a6 8. Na3 b5 9. Nd5 Be7 10. Bxf6 Bxf6 11. c3 O-O 12. Nc2 Rb8 13. Bd3 a5 14. O-O b4 15. cxb4 axb4 16. b3 Bg5 17. Qe1 Qa5 18. Qe2 f5 19. Bc4 Kh8 20. a3 bxa3 21. Rxa3 Qd8 22. b4 fxe4 23. b5 Nd4 24. Nxd4 exd4 25. Qxe4 Bb7 26. Rh3 h6 27. Bd3 Kg8 28. Qh7+ Kf7 29. Rf3+ Ke6 30. Re1+ Kxd5 31. Rf5+ Rxf5 32. Qxf5# 1-0


[Site "https://www.chess.com"]